 Dungeon Crawl Stone Soup version 0.31-a0-960-g0fca184906 (webtiles) character file.

Game seed: 9214529436194310870

195745 Bnni the Messiah (level 17, -2/159 HPs)
             Began as a Hill Orc Monk on Oct 22, 2023.
             Was the Champion of Beogh.
             Slain by a sphinx (5 damage)
             ... on level 1 of the Vaults on Oct 23, 2023.
             The game lasted 04:02:11 (41566 turns).

Bnni the Messiah (Hill Orc Monk)                   Turns: 41566, Time: 04:02:13

Health: -2/159     AC: 23    Str: 25    XL:     17   Next: 93%
Magic:  14/31      EV:  7    Int: 10    God:    Beogh [******]
Gold:   800        SH: 26    Dex: 17    Spells: 2/16 levels left

rFire   . . .        y - +8 broad axe (flame)
rCold   + + +        U - +0 tower shield {rC+}
rNeg    . . .        W - +11 crystal plate armour
rPois   .            p - +2 hat
rElec   +            w - +0 cloak "Ylueni" {rElec rC+}
rCorr   .            r - +2 pair of gloves {Str+3}
SInv    .            L - +2 pair of boots
Will    +....        m - amulet of reflection Stlth
                     (no ring)
HPRegen 0.46/turn    u - ring of Tudiwush {rC+ Dex+4 Slay+4}
MPRegen 0.22/turn

%: reflection
@: marked, corroded, recalling
A: walk on water
}: 2/15 runes: serpentine, barnacled
a: Renounce Religion, Smiting, Stop Recall, Give Item to Named Follower,
Resurrection


You were on level 1 of the Vaults.
You worshipped Beogh.
Beogh was exalted by your worship.
You visited 6 branches of the dungeon, and saw 31 of its levels.
You also visited: Ossuary and Ice Cave.

You collected 3214 gold pieces.
You spent 2414 gold pieces at shops.

Inventory:

Hand Weapons
 y - a +8 broad axe of flaming (weapon)
Missiles
 s - 36 boomerangs
 t - a dart of dispersal
 z - 3 javelins
 R - 2 curare-tipped darts
 S - 4 throwing nets
 T - 3 silver javelins
Armour
 p - a +2 hat (worn)
 r - a +2 pair of gloves of strength (worn)
 w - the +0 cloak "Ylueni" (worn) {rElec rC+}
   (You found it on level 2 of the Orcish Mines)

   rC+:       It protects you from cold.
   rElec:     It insulates you from electricity.
 L - a +2 pair of boots (worn)
 U - a +0 tower shield of cold resistance (worn)
 W - a +11 crystal plate armour (worn)
Jewellery
 m - an amulet of reflection (around neck)
 u - the ring of Tudiwush (right hand) {rC+ Dex+4 Slay+4}
   (You acquired it on level 2 of the Snake Pit)

   [ring of slaying]

   Dex+4:     It affects your dexterity (+4).
   Slay+4:    It affects your accuracy & damage with ranged weapons and melee
   (+4).
   rC+:       It protects you from cold.
 x - a ring of protection from cold
 B - a ring of poison resistance
 E - the ring of the Antique God {Wiz rN+}
   (You found it on level 3 of the Shoals)

   [ring of wizardry]

   Wiz:       It improves your spell success rate.
   rN+:       It protects you from negative energy.
 O - a ring of fire
 X - a ring of see invisible
 Y - a ring of protection from fire
Wands
 j - a wand of quicksilver (20)
 l - a wand of digging (7)
 Z - a wand of roots (7)
Scrolls
 b - 12 scrolls of teleportation
 c - 3 scrolls of butterflies
 g - 4 scrolls of immolation
 h - 3 scrolls of silence
 k - 3 scrolls of fog
 n - 9 scrolls of fear
 C - 5 scrolls of blinking
 F - 6 scrolls of revelation
Potions
 a - 3 potions of resistance
 o - a potion of berserk rage
 q - a potion of attraction
 A - 16 potions of curing
 D - 3 potions of cancellation
 G - 7 potions of might
 H - a potion of ambrosia
 I - 6 potions of haste
 N - 4 potions of mutation
 P - 4 potions of invisibility
 Q - 3 potions of heal wounds
Miscellaneous
 v - a phial of floods


   Skills:
 + Level 16.5 Fighting
 - Level 18.0 Axes
 + Level 2.4 Throwing
 * Level 12.5 Armour
 - Level 6.3 Dodging
 * Level 18.4 Shields
 + Level 20.9 Invocations


You had 2 spell levels left.
You knew the following spells:

 Your Spells              Type           Power      Damage    Failure   Level
a - Apportation           Tloc           0%         N/A       100%        1
b - Blink                 Tloc           0%         N/A       100%        2
c - Lesser Beckoning      Tloc           0%         N/A       100%        2
d - Vhi's Electric Charg  Tloc/Air       0%         N/A       100%        4
h - Borgnjor's Vile Clut  Necr/Erth      0%         N/A       100%        5

Your spell library contained the following spells:

 Spells                   Type           Power      Damage    Failure   Level
 Foxfire                  Conj/Fire      0%         2x1d4     100%        1
 Magic Dart               Conj           0%         1d3       100%        1
 Necrotise                Necr           0%         1d4       100%        1
 Summon Small Mammal      Summ           0%         N/A       100%        1
 Call Imp                 Summ           0%         N/A       100%        2
 Cigotuvi's Dreadful Rot  Necr/Pois/Air  0%         N/A       100%        2
 Momentum Strike          Conj/Tloc      0%         3d8       100%        2
 Poisonous Vapours        Pois/Air       0%         N/A       100%        2
 Call Canine Familiar     Summ           0%         N/A       100%        3
 Dazzling Flash           Conj/Hex       0%         N/A       100%        3
 Ignite Poison            Fire/Tmut/Pois 0%         N/A       100%        3
 Mephitic Cloud           Conj/Pois/Air  0%         N/A       100%        3
 Ozocubu's Armour         Ice            0%         N/A       100%        3
 Sigil of Binding         Hex            0%         N/A       100%        3
 Stone Arrow              Conj/Erth      0%         3d7       100%        3
 Summon Guardian Golem    Hex/Summ       0%         N/A       100%        3
 Tukima's Dance           Hex            0%         N/A       100%        3
 Volatile Blastmotes      Fire/Tloc      0%         2d10      100%        3
 Animate Armour           Summ/Erth      0%         N/A       100%        4
 Animate Dead             Necr           0%         N/A       100%        4
 Dimensional Bullseye     Hex/Tloc       0%         N/A       100%        4
 Iskenderun's Mystic Bla  Conj/Tloc      0%         2d3       100%        4
 Leda's Liquefaction      Hex/Erth       0%         N/A       100%        4
 Arcjolt                  Conj/Air       0%         1d10      100%        5
 Freezing Cloud           Conj/Ice/Air   0%         6-21      100%        5
 Metabolic Englaciation   Hex/Ice        0%         N/A       100%        5
 Summon Forest            Summ/Tloc      0%         N/A       100%        5
 Summon Mana Viper        Hex/Summ       0%         N/A       100%        5
 Death Channel            Necr           0%         N/A       100%        6
 Plasma Beam              Fire/Air       0%         2x1d10    100%        6
 Simulacrum               Ice/Necr       0%         N/A       100%        6
 Starburst                Conj/Fire      0%         6d3       100%        6
 Summon Cactus Giant      Summ           0%         N/A       100%        6
 Orb of Destruction       Conj           0%         9d5       100%        7
 Spellforged Servitor     Conj/Summ      0%         N/A       100%        7
 Lehudib's Crystal Spear  Conj/Erth      0%         10d2      100%        8
 Maxwell's Capacitive Co  Air            0%         ∞         100%        8


Dungeon Overview and Level Annotations

Branches:
Dungeon (15/15)            Temple (0/1) D:7            Lair (5/5) D:9
 Shoals (4/4) Lair:2        Snake (4/4) Lair:3        Slime (0/5) Lair:4
    Orc (2/2) D:10            Elf (0/3) Orc:2        Vaults (1/5) D:14
 Depths (0/4) D:15        Ossuary (visited)           IceCv (visited)

Altars:
Ashenzari
Elyvilon
Fedhas
Nemelex Xobeh
Qazlal
Ru
Sif Muna
Trog
Uskayaw
Vehumet
Xom
Yredelemnul
The Shining One
Beogh
Jiyva

Shops:
D:7 !   D:9 !   Orc:1 ?   Orc:2 *([==   Shoals:1 *   Shoals:3 :[
Shoals:4 [!=(   Snake:3 !([

Annotations:
D:3 1 runed translucent door, Talonman3's ghost, amateur KoNe


Message History

Your orc knight is recalled.
Horkud is recalled.
The vault guard hits Oruk with a +2 heavy war axe!!
The vault guard completely misses your orc knight.
Oruk hits the vault guard with a +2 glaive!!!
You block the sphinx's attack. x2; The sphinx hits you but does no damage.
Zorug roars a battlecry!
Horkud goes into a battle-frenzy!
The boulder beetle hits Oruk!!!!
Oruk dies!
The boulder beetle stops rolling and uncurls.
Your orc priest hits the vault sentinel with a +0 short sword.
The lindwurm bites something.
The lindwurm claws something!
The lindwurm claws something but does no damage.
The lindwurm breathes flames at you. The blast of flame hits you!
* * * LOW HITPOINT WARNING * * *
The blast of flame hits Urug!
Urug resists.
The blast of flame hits your orc knight!!
The blast of flame hits your orc warrior!
Your orc knight hits the vault guard with a +1 dire flail of protection!
Unknown command.
Unknown command.
You're wearing all the rings you can.
Remove which one? (? for menu, Esc to cancel) < or
B - a ring of poison resistance > or
u - the ring of Tudiwush {rC+ Dex+4 Slay+4} You remove your ring of poison resistance.
Wardok is recalled.
Something hits the vault sentinel!!
The vault sentinel dies!
Beogh accepts your kill.
Beogh blesses a follower with superior armament.
Your orc knight roars a battlecry!
Wardok goes into a battle-frenzy!
Borgun hits the sphinx from afar with a +1 bardiche of freezing!
Borgun freezes the sphinx!
The sphinx hits you!!
* * * LOW HITPOINT WARNING * * *
The sphinx hits you.
You die... #....... ####......### #.......>>.... #.. ....>>... #.# #o[.oop #.# k)pBk

###### #.# #Ho# ...o.#
#.# #o@# ###oo###.#
#oo# #
##.o.'.######oo#####
##o.#ooooo.oooo.....
##o###'oo##########
#.##..oo..# #o##...o..#
#### ##oo##......#
#..### #
##.oo##......###....###


You could see a sphinx (strong, ally target), a boulder beetle (strong, ally
target), a vault guard (distracted, ally target), a vault sentinel, 2 lindwurms,
the friendly Horkud the orc warlord (strong), the friendly Ugrim the orc warlord
(strong), the friendly Wardok the orc warlord (strong), the friendly Zorug the
orc warlord (strong), 3 friendly orc knights, the friendly Borgun the orc knight
(strong), the friendly Wulfoc the orc knight (strong), the friendly Urug
(strong), a friendly orc sorcerer (strong), a friendly orc warrior (strong) and
a friendly orc priest (strong).

Vanquished Creatures
  A nagaraja (Snake:4)
  Roxanne (Shoals:3)
  A formless jellyfish (Vaults:1)
  3 ironbound preservers (Vaults:1)
  A reaper (IceCv)
  The ghost of kuniqs the Carver, a journeyman TeRe of Vehumet (D:13)
  4 dire elephants (Vaults:1)
  A merfolk javelineer (Shoals:4)
  An entropy weaver (Vaults:1)
  A centaur warrior (Shoals:1)
  Erica (Lair:2)
  2 ironbound frosthearts (Vaults:1)
  2 anacondas (Snake:1)
  2 merfolk aquamancers
  3 merfolk avatars
  4 two-headed ogres
  2 satyrs (Shoals:4)
  2 death yaks
  An orc high priest (Orc:2)
  A naga warrior (Snake:3)
  3 naga sharpshooters (Snake:4)
  A shock serpent (Snake:3)
  Sonja (Lair:1)
  A skyshark (Shoals:2)
  2 sea snakes
  2 salamander mystics (Snake:4)
  2 naga ritualists (Snake:4)
  2 deep trolls (Vaults:1)
  2 deep elf pyromancers (D:14)
  A deep elf zephyrmancer (D:14)
  2 harpies (Shoals:1)
  2 orc knights (Orc:2)
  A mana viper (Snake:3)
  An ugly thing (D:14)
  3 manticores
  2 cyclopes
  An orc sorcerer (Orc:2)
  8 fauns
  4 salamanders
  3 elephants (Lair:4)
  5 water nymphs
  5 merfolk sirens
  A guardian serpent (Snake:2)
  2 ice statues (IceCv)
  4 black mambas
  5 naga magi
  A vault sentinel (Vaults:1)
  A freezing wraith (IceCv)
  Jeremiah (Lair:1)
  A tengu conjurer (D:15)
  6 ice devils (IceCv)
  3 merfolk
  3 trolls
  A blink frog (Lair:3)
  A snapping turtle (Shoals:3)
  A dream sheep (Shoals:2)
  A centaur simulacrum (D:14)
  A shadow (D:13)
  5 water elementals
  A wraith (D:12)
  4 slime creatures
  7 yaks
  2 hogs (D:12)
  10 spriggans
  A steam dragon (D:7)
  6 nagas
  A warg (Orc:2)
  A harpy simulacrum (IceCv)
  4 water moccasins
  2 hydra simulacra (IceCv)
  2 orc warriors
  2 black bears
  A boggart (Lair:5)
  3 wolves (Lair:5)
  An ogre (Orc:2)
  3 centaurs
  A phantom (D:5)
  3 bullfrogs
  3 scorpions
  4 two-headed ogre simulacra (IceCv)
  2 wights (D:6)
  3 elephant simulacra (IceCv)
  2 killer bees (D:7)
  An electric eel (Lair:4)
  2 hounds
  A jelly (D:5)
  Crazy Yiuf (D:3)
  3 orc priests
  3 iguanas
  2 orc wizards
  3 troll simulacra (IceCv)
  2 spriggan simulacra (IceCv)
  2 wolf simulacra (IceCv)
  8 mummies (Ossuary)
  Robin (D:3)
  15 gnolls (D:5)
  3 adders
  15 white imps
  4 ufetubi
  A worm (D:5)
  4 dart slugs
  21 orcs
  6 endoplasms
  3 giant cockroaches
  A gnoll zombie (Ossuary)
  16 goblins
  6 hobgoblins
  12 jackals (D:5)
  4 quokkas
  6 ball pythons
  2 bats
  2 frilled lizards (D:3)
  2 hobgoblin zombies (Ossuary)
  5 kobolds
  A kobold zombie (Ossuary)
  4 orc zombies (Ossuary)
  A rat (D:1)
359 creatures vanquished.

Vanquished Creatures (collateral kills)
  Nikola (Shoals:1)
  Mlioglotl (Snake:3)
  Polyphemus (Shoals:1)
  Ilsuiw (Shoals:2)
  Kirke (D:12)
  Donald (Orc:1)
  The ghost of ongoing the Executioner, an adept FoFi of Okawaru (Orc:2)
  4 nagarajas
  Louise (Snake:3)
  An orc warlord (Orc:2)
  The ghost of Aquy the Severer, a journeyman MiFi of Yredelemnul (Orc:1)
  An ironbound preserver (Vaults:1)
  A war gargoyle (Vaults:1)
  An entropy weaver (shapeshifter) (D:14)
  Josephine (Orc:1)
  2 fire dragons (D:14)
  2 merfolk javelineers (Shoals:2)
  8 merfolk impalers
  4 salamander tyrants
  3 hydras
  A great orb of eyes (Vaults:1)
  An alligator snapping turtle (Shoals:2)
  A death knight (D:15)
  2 centaur warriors
  8 anacondas
  A merfolk avatar (Shoals:4)
  7 merfolk aquamancers
  3 catoblepae
  3 boulder beetles
  A satyr (Shoals:1)
  A tengu warrior (D:14)
  11 death yaks
  17 naga warriors
  4 two-headed ogres
  4 naga sharpshooters
  An orc high priest (Orc:2)
  Urug (D:13)
  4 shock serpents
  A skeletal warrior (D:15)
  12 sea snakes
  6 skysharks
  7 deep trolls
  7 naga ritualists
  3 orc knights (Orc:2)
  20 harpies
  An ironbound convoker (Vaults:1)
  An orc sorcerer (Orc:2)
  6 ugly things
  8 mana vipers
  2 lindwurms (Vaults:1)
  12 fauns
  6 elephants
  11 salamanders
  A moth of wrath (Orc:1)
  13 cyclopes
  5 guardian serpents
  8 manticores
  Maurice (D:9)
  31 black mambas
  Joseph (Lair:1)
  A vault sentinel (Vaults:1)
  4 water nymphs
  2 gargoyles
  12 naga magi
  4 merfolk sirens
  3 unseen horrors
  Maggie (Lair:2)
  2 freezing wraiths
  2 rime drakes
  13 cane toads
  An ice devil (IceCv)
  2 efreet
  8 komodo dragons
  A tengu conjurer (D:14)
  11 trolls
  5 wind drakes
  4 polar bears
  6 hornets
  Prince Ribbit (D:8)
  29 merfolk
  16 dream sheep
  A jumping spider (shapeshifter) (D:12)
  6 snapping turtles
  2 blink frogs (Lair:3)
  14 slime creatures
  A centaur simulacrum (D:14)
  33 yaks
  13 spriggans
  3 water elementals
  A shadow (D:10)
  8 wraiths
  5 hogs (D:12)
  3 wyverns
  5 vampire mosquitoes
  41 nagas
  2 acid dragons
  A warg (Orc:1)
  18 water moccasins
  A sky beast (D:7)
  4 black bears (Lair:5)
  10 orc warriors
  A black bear (shapeshifter) (D:14)
  2 ice beasts
  32 wolves
  3 boggarts
  4 ogres
  14 centaurs
  2 kobold brigands
  14 bullfrogs
  2 scorpions
  7 wights
  5 killer bees
  10 howler monkeys
  3 jellies
  6 orc priests
  10 orc wizards
  6 gnolls (D:5)
  A shadow imp (D:7)
  4 white imps
  2 ufetubi (D:6)
  14 orcs
  A jackal (D:5)
  7 kobolds
  2 butterflies (D:7)
723 creatures vanquished.

Vanquished Creatures (others)
  An orc warlord (Vaults:1)
  A nagaraja (Snake:4)
  A merfolk impaler (Shoals:1)
  An orc high priest (Orc:2)
  7 orc knights
  A manticore (Shoals:4)
  2 orc sorcerers
  9 orc priests
  9 orc warriors
  11 orc wizards
  48 orcs
91 creatures vanquished.

Grand Total: 1173 creatures vanquished

Notes
Turn   | Place    | Note
-------+----------+-------------------------------------------
     0 | D:1      | Bnni the Hill Orc Monk began the quest for the Orb.
     0 | D:1      | Reached XP level 1. HP: 19/19 MP: 1/1
   120 | D:1      | Found a faded altar of an unknown god.
   123 | D:1      | Reached XP level 2. HP: 23/27 MP: 2/2
   565 | D:1      | Reached skill level 5 in Axes
   699 | D:2      | Identified the of Waorphait
   733 | D:2      | Reached XP level 3. HP: 32/33 MP: 3/3
   750 | D:2      | You fall into a shaft and drop 2 floors!
   809 | D:4      | Found a glowing golden altar of the Shining One.
   933 | D:4      | Reached XP level 4. HP: 33/41 MP: 4/4
  1203 | D:4      | Noticed a scorpion
  1215 | D:4      | Killed a scorpion
  1216 | D:4      | Reached skill level 5 in Fighting
  1216 | D:4      | Reached XP level 5. HP: 35/48 MP: 5/5
  1375 | D:4      | Became a worshipper of Beogh the Brigand
  1375 | D:4      | Reached * piety under Beogh
  1375 | D:4      | Reached ** piety under Beogh
  1677 | D:3      | Found a stormy altar of Qazlal.
  1681 | D:3      | Noticed an air elemental
  1761 | D:3      | Found a sparkling altar of Nemelex Xobeh.
  1768 | D:3      | Noticed Robin
  1788 | D:3      | Killed Robin
  1891 | D:3      | Reached skill level 1 in Invocations
  1891 | D:3      | Reached XP level 6. HP: 32/56 MP: 6/6
  1984 | D:3      | Found a sacrificial altar of Ru.
  2530 | D:3      | Found a runed translucent door.
  2625 | D:3      | Found a runed translucent door.
  2626 | D:3      | Noticed Crazy Yiuf
  2638 | D:3      | Killed Crazy Yiuf
  2892 | D:3      | Noticed a water elemental
  2892 | D:3      | Noticed a fire elemental
  2932 | D:3      | Noticed Talonman3's ghost (amateur KoNe)
  2999 | D:5      | Entered Level 5 of the Dungeon
  3029 | D:5      | Reached skill level 2 in Invocations
  3084 | D:5      | Found a shimmering altar of Xom.
  3308 | D:5      | Reached XP level 7. HP: 61/62 MP: 7/9
  3400 | D:5      | Reached skill level 3 in Invocations
  3815 | D:5      | Reached *** piety under Beogh
  3883 | D:5      | Reached skill level 4 in Invocations
  4056 | D:5      | Reached XP level 8. HP: 56/71 MP: 11/11
  4639 | D:5      | Gained Orkwin as an ally
  4640 | D:5      | Reached skill level 10 in Axes
  4960 | D:6      | Reached skill level 5 in Invocations
  5242 | D:6      | Reached **** piety under Beogh
  5667 | D:6      | Found a hide-covered altar of Uskayaw.
  6644 | D:7      | Reached skill level 6 in Invocations
  6646 | D:7      | Reached XP level 9. HP: 79/81 MP: 13/13
  6755 | D:7      | Found a staircase to the Ecumenical Temple.
  6759 | D:7      | Found Asoskucu's Distillery.
  6767 | D:7      | Bought a potion of heal wounds for 60 gold pieces
  6767 | D:7      | Bought a potion of curing for 36 gold pieces
  6824 | D:7      | Found a shimmering blue altar of Sif Muna.
  6834 | D:7      | Noticed a troll
  6843 | D:7      | Killed a troll
  7010 | D:7      | Found a broken altar of Ashenzari.
  7165 | D:7      | Gained Wardok as an ally
  7166 | D:7      | Reached skill level 7 in Invocations
  7582 | D:8      | Found a sand-covered staircase.
  7676 | Ossuary  | Entered an ossuary
  7887 | Ossuary  | Reached ***** piety under Beogh
  8099 | D:8      | Found a blossoming altar of Fedhas.
  8234 | D:8      | Reached skill level 8 in Invocations
  8262 | D:8      | Reached XP level 10. HP: 64/91 MP: 16/16
  8483 | D:9      | Noticed Prince Ribbit
  8490 | D:8      | Killed Prince Ribbit
  8611 | D:9      | Gained Bogmar as an ally
  9277 | D:9      | Found a staircase to the Lair.
  9339 | D:9      | Found Dapsivva's Distillery.
  9443 | D:9      | Noticed Maurice
  9448 | D:9      | Killed Maurice
  9449 | D:9      | Reached skill level 9 in Invocations
  9717 | D:10     | Entered Level 10 of the Dungeon
  9833 | D:10     | Found a basalt altar of Yredelemnul.
  9896 | D:10     | Found a staircase to the Orcish Mines.
 10507 | D:11     | Noticed a cyclops
 10513 | D:11     | Killed a cyclops
 10514 | D:11     | Reached skill level 10 in Fighting
 10571 | D:11     | Noticed a two-headed ogre
 10596 | D:11     | Killed a two-headed ogre
 10620 | D:11     | Killed a gargoyle
 10620 | D:11     | Gained Wardok as an ally
 10638 | D:11     | Your ally Orkwin died
 10651 | D:11     | Reached skill level 15 in Axes
 10661 | D:11     | Noticed an unseen horror
 10668 | D:11     | Killed an unseen horror
 10966 | D:11     | Noticed a cyclops
 11017 | D:10     | Killed a cyclops
 11018 | D:10     | Reached skill level 1 in Shields
 11246 | D:11     | Reached skill level 1 in Armour
 11246 | D:11     | Reached XP level 11. HP: 28/101 MP: 15/18
 11565 | D:11     | Reached skill level 10 in Invocations
 11581 | D:11     | Noticed a two-headed ogre
 11587 | D:11     | Killed a two-headed ogre
 11665 | D:11     | Noticed a cyclops
 11675 | D:11     | Killed a cyclops
 12047 | D:11     | Noticed a two-headed ogre
 12071 | D:11     | Killed a two-headed ogre
 12214 | D:11     | Gained Oruk as an ally
 12244 | D:11     | Noticed a cyclops
 12250 | D:11     | Killed a cyclops
 12426 | D:11     | Noticed a two-headed ogre
 12442 | D:11     | Killed a two-headed ogre
 12676 | D:12     | Noticed a purple ugly thing
 12685 | D:11     | Killed a purple ugly thing
 12685 | D:11     | Gained Horkud as an ally
 12700 | D:12     | Noticed Kirke
 12710 | D:12     | Killed Kirke
 12753 | D:12     | Noticed a two-headed ogre
 12759 | D:12     | Killed a two-headed ogre
 12760 | D:12     | Reached skill level 5 in Shields
 13007 | D:12     | Found a white marble altar of Elyvilon.
 13440 | D:12     | Noticed a boulder beetle
 13446 | D:12     | Killed a boulder beetle
 13511 | D:12     | Gained Ugrim as an ally
 13580 | D:12     | Identified the +7 dagger of the Dancing Oracle {venom, Fly
                  | Will+}
 14010 | D:13     | Noticed Urug
 14093 | D:13     | Noticed a cyclops
 14096 | D:12     | Killed a cyclops
 14097 | D:12     | Reached XP level 12. HP: 110/110 MP: 20/20
 14106 | D:13     | Noticed a centaur warrior
 14110 | D:12     | Reached skill level 11 in Invocations
 14337 | D:12     | Killed a centaur warrior
 15020 | Lair:1   | Entered Level 1 of the Lair of Beasts
 15024 | Lair:1   | Noticed Sonja
 15024 | Lair:1   | Noticed Jeremiah
 15028 | Lair:1   | Killed Sonja
 15053 | Lair:1   | Killed Jeremiah
 15074 | Lair:1   | Noticed Joseph
 15080 | Lair:1   | Killed Joseph
 15234 | Lair:1   | Noticed a boulder beetle
 15244 | Lair:1   | Killed a boulder beetle
 16038 | Lair:1   | Gained Wulfoc as an ally
 16113 | Lair:1   | Reached skill level 5 in Armour
 16180 | Lair:2   | Noticed Erica
 16190 | Lair:2   | Killed Erica
 16191 | Lair:2   | Reached skill level 12 in Invocations
 16247 | Lair:2   | Noticed Maggie
 16257 | Lair:2   | Killed Maggie
 16538 | Lair:2   | Reached ****** piety under Beogh
 16538 | Lair:2   | Gained Arbeogh as an ally
 16606 | Lair:2   | Identified the +3 pair of gloves "Lizit" {Int+7 Slay-3
                  | SInv}
 16614 | Lair:2   | Found a staircase to the Shoals.
 17071 | D:13     | Killed Urug
 17224 | Lair:3   | Noticed a skyshark
 17231 | Lair:2   | Killed a skyshark
 17466 | Lair:2   | Reached XP level 13. HP: 73/118 MP: 22/22
 17588 | Lair:2   | Reached skill level 5 in Dodging
 17595 | Lair:2   | Reached skill level 10 in Shields
 17761 | Lair:3   | Reached skill level 13 in Invocations
 17889 | Lair:3   | Identified the +5 flail of the Extremes {holy, rC+}
 17988 | Lair:3   | Found a staircase to the Snake Pit.
 18334 | Lair:4   | Found a staircase to the Slime Pits.
 18335 | Lair:4   | Found a viscous altar of Jiyva.
 19415 | Lair:5   | Entered Level 5 of the Lair of Beasts
 19509 | Lair:5   | Found a frozen archway.
 19564 | IceCv    | Entered an ice cave
 19792 | IceCv    | Gained Borgun as an ally
 20593 | IceCv    | Noticed a reaper
 20608 | IceCv    | HP: 2/119 [reaper/+1 scythe of freezing (9)]
 20615 | IceCv    | Killed a reaper
 21033 | Lair:5   | Reached skill level 14 in Invocations
 21731 | Lair:5   | Reached XP level 14. HP: 125/129 MP: 24/24
 22752 | Orc:1    | Entered Level 1 of the Orcish Mines
 22776 | Orc:1    | Found Makoun's Magic Scroll Shop.
 22796 | Orc:1    | Noticed Josephine
 22803 | Orc:1    | Killed Josephine
 22856 | Orc:1    | Bought a scroll of enchant armour for 75 gold pieces
 22856 | Orc:1    | Bought a scroll of fear for 40 gold pieces
 22856 | Orc:1    | Bought a scroll of fog for 40 gold pieces
 22856 | Orc:1    | Bought a scroll of teleportation for 30 gold pieces
 22948 | Orc:1    | Found a bloodstained altar of Trog.
 22948 | Orc:1    | Noticed an orc warlord
 22949 | Orc:1    | Noticed Aquy's ghost (journeyman MiFi)
 22956 | Orc:1    | Found a transporter.
 23034 | Orc:1    | Found a transporter.
 23201 | Orc:1    | Killed Aquy's ghost
 23202 | Orc:1    | Reached skill level 15 in Invocations
 23358 | Orc:2    | Entered Level 2 of the Orcish Mines
 23358 | Orc:2    | Noticed Donald
 23366 | Orc:1    | Killed Donald
 23431 | Orc:2    | Found a staircase to the Elven Halls.
 23451 | Orc:2    | Found Git Zim's Antique Weapon Emporium.
 23451 | Orc:2    | Found Moepsah's Armour Shop.
 23467 | Orc:2    | Found Jihil's Jewellery Shop.
 23467 | Orc:2    | Found Gigyerat's Jewellery Emporium.
 23524 | Orc:2    | Paralysed by an orc sorcerer for 2 turns
 23612 | Orc:2    | Bought a +2 pair of gloves of strength for 258 gold pieces
 24083 | Orc:2    | Found Mupul's Mass Market.
 24224 | Orc:2    | Found a runed translucent gate.
 24226 | Orc:2    | Found a runed translucent gate.
 24227 | Orc:2    | Found a runed translucent gate.
 24229 | Orc:2    | Noticed an orc warlord
 24229 | Orc:2    | Noticed ongoing's ghost (adept FoFi)
 24233 | Orc:2    | Found a roughly hewn altar of Beogh.
 24242 | Orc:2    | Killed ongoing's ghost
 24247 | Orc:2    | Killed an orc warlord
 24267 | Orc:2    | Identified the +0 cloak "Ylueni" {rElec rC+}
 24280 | Orc:2    | Identified the +3 leather armour "Xuoliset" {Will++ Regen+
                  | Str-2}
 25022 | D:13     | Found a runed translucent door.
 25024 | D:13     | Noticed kuniqs's ghost (journeyman TeRe)
 25200 | D:13     | Killed kuniqs's ghost
 25912 | D:14     | Found a gate to the Vaults.
 26668 | D:15     | Entered Level 15 of the Dungeon
 26850 | D:14     | Reached skill level 16 in Invocations
 27216 | D:15     | Found a staircase to the Depths.
 27370 | D:15     | Found a radiant altar of Vehumet.
 27971 | Snake:1  | Entered Level 1 of the Snake Pit
 28375 | Lair:3   | Reached XP level 15. HP: 125/138 MP: 27/27
 29361 | Snake:2  | Noticed a nagaraja
 29367 | Snake:1  | Killed a nagaraja
 29368 | Snake:1  | Reached skill level 17 in Invocations
 29769 | Snake:1  | Reached skill level 15 in Shields
 29916 | Snake:2  | Gained Zorug as an ally
 30124 | Snake:2  | Identified a scroll of acquirement
 30139 | Snake:2  | Acquired the ring of Tudiwush {rC+ Dex+4 Slay+4}
 31481 | Snake:3  | Noticed Mlioglotl
 31487 | Snake:3  | Found Zupson's Distillery.
 31493 | Snake:3  | Killed Mlioglotl
 31503 | Snake:3  | Bought a potion of might for 80 gold pieces
 31503 | Snake:3  | Bought a potion of heal wounds for 100 gold pieces
 31665 | Snake:3  | Found Epeus's Antique Armour Shop.
 31673 | Snake:3  | Found Pucyel's Weapon Boutique.
 31673 | Snake:3  | Noticed Louise
 31685 | Snake:3  | Killed Louise
 31704 | Snake:3  | Bought a pair of glowing boots for 225 gold pieces
 31734 | Snake:3  | Bought the +5 glaive of Beogh, Summoning {drain, Str+2} for
                  | 910 gold pieces
 31957 | Snake:3  | Reached skill level 18 in Invocations
 32548 | Snake:4  | Entered Level 4 of the Snake Pit
 32828 | Snake:3  | Reached XP level 16. HP: 132/147 MP: 29/29
 32829 | Snake:3  | Reached skill level 15 in Fighting
 32863 | Snake:3  | Reached skill level 10 in Armour
 33134 | Snake:4  | Noticed a nagaraja
 33135 | Snake:4  | Noticed a nagaraja
 33143 | Snake:4  | Killed a nagaraja
 33143 | Snake:4  | Killed a nagaraja
 33145 | Snake:4  | Noticed a nagaraja
 33147 | Snake:4  | Killed a nagaraja
 33150 | Snake:4  | Your ally Borgun died
 33152 | Snake:4  | Killed a nagaraja
 33459 | Snake:4  | Noticed a nagaraja
 33461 | Snake:4  | Killed a nagaraja
 33691 | Snake:4  | Got a serpentine rune of Zot
 34168 | Shoals:1 | Entered Level 1 of the Shoals
 34188 | Lair:2   | Learned a level 1 spell: Apportation
 34191 | Lair:2   | Learned a level 2 spell: Blink
 34194 | Lair:2   | Learned a level 2 spell: Lesser Beckoning
 34199 | Lair:2   | Learned a level 4 spell: Vhi's Electric Charge
 34205 | Lair:2   | Learned a level 5 spell: Borgnjor's Vile Clutch
 34213 | Shoals:1 | Found Eteisuda's Gadget Gallery.
 34233 | Shoals:1 | Bought a phial of floods for 560 gold pieces
 34336 | Shoals:1 | Reached skill level 19 in Invocations
 34678 | Shoals:1 | Noticed Nikola
 34681 | Shoals:1 | Killed Nikola
 34994 | Shoals:2 | Noticed Polyphemus
 35118 | Shoals:1 | Killed Polyphemus
 35945 | Shoals:3 | Identified the ring of the Antique God {Wiz rN+}
 36016 | Shoals:2 | Reached XP level 17. HP: 149/158 MP: 30/30
 36272 | Shoals:3 | Noticed Roxanne
 36281 | Shoals:3 | Noticed Ilsuiw
 36322 | Shoals:3 | Found Tydynkeba's Antique Armour Emporium.
 36334 | Shoals:2 | Reached skill level 20 in Invocations
 36701 | Shoals:2 | Killed Ilsuiw
 36841 | Shoals:3 | Killed Roxanne
 37440 | Shoals:3 | Found Lyrchauk's Book Emporium.
 37484 | Shoals:3 | Upgraded the game from 0.31-a0-955-gcb8bc90ed4 to
                  | 0.31-a0-960-g0fca184906
 38538 | Shoals:4 | Entered Level 4 of the Shoals
 38538 | Shoals:4 | Found Waem's Armour Boutique.
 39123 | Shoals:4 | Found Jymawkya's Distillery.
 39727 | Shoals:4 | Identified the staff of Righteous Anger {rF+ rC+ rN+ rCorr
                  | Fire}
 39901 | Shoals:4 | Found Gah Weonk's Jewellery Shop.
 40004 | Shoals:4 | Got a barnacled rune of Zot
 40131 | Shoals:4 | Found Nuqung's Weapon Boutique.
 40246 | Shoals:4 | Reached skill level 1 in Throwing
 40745 | Vaults:1 | Entered Level 1 of the Vaults
 41534 | Vaults:1 | Noticed a sphinx
 41565 | Vaults:1 | Your ally Oruk died
 41566 | Vaults:1 | HP: 3/159 [sphinx (29)]
 41566 | Vaults:1 | Slain by a sphinx

Illustrated notes

Levels and vault maps discovered:
D:1:      psy_arrival_fountain, layout_basic, dreamdust_ecumenical_altar_grove
D:2:      layout_rooms, uniq_sigmund
D:3:      layout_basic, mainiacjoe_overflow_small_starburst,
          mainiacjoe_overflow_cross_hatched, nicolae_qazlal_style_of_elements,
          ebering_ghost_reflecting_pool, lightli_corner_chamber,
          uniq_crazy_yiuf_cottage, uniq_robin
D:4:      layout_loops_cross, tso_altar, minivault_19, minmay_strange_pillars
D:5:      lemuel_castle_with_subvaults [lemuel_castle_interior_carwin_1],
          layout_gridville, old_standard_altar
D:6:      layout_layer_cave, mainiacjoe_overflow_alcove_2
D:7:      layout_gridville, lemuel_round_altar, mainiacjoe_overflow_alcove_4,
          minmay_temple_entry_butterflies, serial_shops, shop, st_stairs_12
D:8:      layout_cave_pools, mainiacjoe_overflow_brackets, enter_ossuary_3
D:9:      layout_long_grid, lair_entry_dummy, serial_shops, shop,
          minmay_crystal_room, hangedman_glass_teeth,
          chequers_serial_rivers_micro_e, nicolae_houndstooth_variations,
          uniq_maurice, uniq_prince_ribbit1
D:10:     layout_cave_pods, mainiacjoe_overflow_alcove_1, orc_david_3
D:11:     kb_forest_paths, layout_irregular_city, minmay_fractal_squares_5
D:12:     layout_roguey, special_room [special_room_orc], elyvilon_altar_5,
          uniq_kirke
D:13:     layout_rooms, hellmonk_ghost_happy_afterlife, uniq_urug
D:14:     layout_irregular_city, david_vaults_1, minmay_misc_feat_secret_circle
D:15:     grunt_enter_depths_hoard, layout_cross, nrook_mini_vaults,
          vehumet_crystals
Lair:1:   layout_big_grid, grunt_megastairs_1, uniq_joseph, uniq_jeremiah,
          uniq_sonja
Lair:2:   layout_cave_shapes, minmay_shoals_entry_lonely_mermaid,
          beast_lair_carwin_11, uniq_maggie, uniq_erica
Lair:3:   layout_regular_city, minmay_snake_entry_guardpost_small,
          cheibrodos_lair_reptile_den
Lair:4:   layout_regular_city, slime_entry_1, serial_bayou_shore_a
Lair:5:   minmay_lair_end_enchanted_forest, layout_hall_layers,
          portal_ice_cave_entry_imps, grunt_megastairs_4
Shoals:1: layout_shoals, nicolae_shop_gadgets, uniq_nikola
Shoals:2: layout_shoals, uniq_polyphemus
Shoals:3: layout_shoals, serial_shops, shop, nicolae_shop_rolling_square,
          uniq_roxanne, uniq_ilsuiw
Shoals:4: shoals_end_grunt_garden, layout_shoals, shoals_ilsuiw_ice,
          serial_shops, statue_bzr, nicolae_shop_bloodbath_and_beyond, shop,
          shop, shop
Snake:1:  layout_gridlike, nicolae_snake_springs
Snake:2:  layout_onion, grunt_ministairs_11
Snake:3:  layout_layer_cave, serial_shops, nicolae_shop_just_a_little_nook,
          st_stairs_2, minmay_shoptagon, uniq_mlioglotl, uniq_louise
Snake:4:  minmay_snake_end_coiled, layout_onion_interference,
          nicolae_zig_zag_zippers, lemuel_fruit_tree
Orc:1:    layout_caves, serial_shops, shop, gammafunk_ghost_wrathful_warriors,
          uniq_josephine
Orc:2:    grunt_orc_tribal_feast, layout_caves, biasface_ghost_orc_armoury,
          minmay_shop_mass, mines4_lemuel, uniq_donald
Vaults:1: nicolae_vaults_ninety_degrees, nicolae_vaults_minivaults, v_misc_23,
          nicolae_vaults_shrinking_rooms_2, nicolae_vaults_trapezoid_4,
          nicolae_vaults_heart-shaped_vault, ontoclasm_vaults_misaligned,
          vaults_room_grunt_arrival_ludios, hangedman_vaults_locks,
          vaults_room_corners, nicolae_vaults_cochlea, ontoclasm_vaults_twist,
          layout_vaults_omnibox

Skill      XL: |  1  2  3  4  5  6  7  8  9 10 11 12 13 14 15 16 17 |
---------------+----------------------------------------------------+-----
Fighting       | 4 5 6 7 9 10 11 12 13 14 15 16 | 16.5
Axes           | 5 6 7 8 9 11 13 15 16 17 18 | 18.0
Invocations    | 1 2 4 6 8 9 10 12 14 16 18 19 20 | 20.9
Shields        | 1 5 9 11 14 15 17 18 | 18.4
Armour         | 1 4 5 7 8 9 11 12 | 12.5
Dodging        | 4 5 6 |  6.3
Throwing       | 2 |  2.4

Action                     |  1- 3 |  4- 6 |  7- 9 | 10-12 | 13-15 | 16-18 || total
---------------------------+-------+-------+-------+-------+-------+-------++-------
  Melee: Hand axe          |    72 |   171 |   103 |       |       |       ||   346
         Whip              |       |       |    70 |       |       |       ||    70
         War axe           |       |       |    80 |   138 |       |       ||   218
         Broad axe         |       |       |       |    12 |   402 |   296 ||   710
  Throw: Dart              |       |       |     2 |     6 |     6 |       ||    14
         Throwing net      |       |       |     1 |     3 |     4 |     1 ||     9
         Boomerang         |       |       |       |       |       |     3 ||     3
         Javelin           |       |       |       |       |       |     1 ||     1
 Invoke: Convert to Beogh  |       |     1 |       |       |       |       ||     1
         Recall Orcish Fol |       |       |    16 |    73 |    74 |    24 ||   187
         Give Item to Name |       |       |       |     2 |     9 |       ||    11
         Smiting           |       |       |       |     2 |     3 |     7 ||    12
         Resurrection      |       |       |       |     1 |       |     1 ||     2
         Stop Recall       |       |       |       |       |     8 |    12 ||    20
  Evoke: Wand              |       |     5 |       |       |     3 |       ||     8
         Phial of floods   |       |       |       |       |       |     1 ||     1
    Use: Potion            |       |     3 |       |     1 |     5 |     7 ||    16
         Scroll            |       |       |     7 |     9 |    24 |     8 ||    48
   Stab: Distracted        |       |       |     3 |     4 |     4 |     1 ||    12
         Held in net/web   |       |       |     1 |       |     1 |       ||     2
         Petrified         |       |       |       |       |     1 |       ||     1
         Confused          |       |       |       |       |     1 |       ||     1
         Paralysed         |       |       |       |       |       |     2 ||     2
 Armour: Robe              |    14 |       |       |       |       |       ||    14
         Scale mail        |    24 |   144 |    53 |       |       |       ||   221
         Chain mail        |       |       |   197 |       |       |       ||   197
         Plate armour      |       |       |    31 |   552 |   256 |       ||   839
         Crystal plate arm |       |       |       |       |   398 |   465 ||   863
  Dodge: Dodged            |    38 |   121 |   130 |   124 |   407 |   218 ||  1038
  Block: Buckler           |       |       |       |    65 |    44 |       ||   109
         Kite shield       |       |       |       |       |   289 |       ||   289
         Tower shield      |       |       |       |       |   311 |   769 ||  1080
         Reflection        |       |       |       |       |       |    32 ||    32

Table legend: (Time is in decaauts)
 A = Elapsed time spent in this place.
 B = Non-inter-level travel time spent in this place.
 C = Inter-level travel time spent in this place.
 D = Time resting spent in this place.
 E = Time spent auto-exploring this place.
 F = Levels seen in this place.
 G = Mean time per level.
                   A        B        C        D        E       F      G
               +--------+--------+--------+--------+--------+-----+--------+
         Total |  41656 |  38776 |   2880 |  10355 |   9498 |  33 | 1262.3 |
       Dungeon |  18640 |  17265 |   1375 |   4630 |   6390 |  15 | 1242.7 |
          Lair |   7330 |   6645 |    685 |   1587 |   1706 |   5 | 1466.0 |
        Shoals |   5876 |   5623 |    253 |   1697 |      0 |   4 | 1469.0 |
     Snake Pit |   5615 |   5249 |    366 |   1169 |    253 |   4 | 1403.8 |
  Orcish Mines |   2015 |   1816 |    199 |     54 |   1141 |   2 | 1007.5 |
        Vaults |    511 |    511 |      0 |    159 |      0 |   1 |  511.0 |
       Ossuary |    274 |    274 |      0 |     72 |      7 |   1 |  274.0 |
      Ice Cave |   1392 |   1392 |      0 |    987 |      0 |   1 | 1392.0 |
               +--------+--------+--------+--------+--------+-----+--------+

Top non-repeatable levels by time:
Shoals:3: 2353 daAuts
    D:11: 2328 daAuts
 Snake:3: 2058 daAuts
    D:12: 1972 daAuts
  Lair:2: 1804 daAuts
     D:5: 1758 daAuts
  Lair:3: 1730 daAuts
     D:9: 1467 daAuts
  Lair:5: 1464 daAuts
    D:14: 1413 daAuts
     D:6: 1400 daAuts
   IceCv: 1392 daAuts
   Orc:2: 1368 daAuts
    D:10: 1333 daAuts
 Snake:4: 1332 daAuts
